 Dungeon Crawl Stone Soup version 0.19.1 (webtiles) character file.

23 FloraKitsune the Grasshopper (level 3, -4/24 HPs)
             Began as a Halfling Warper on Dec 3, 2016.
             Slain by Terence
             ... wielding a +6 flail of protection
              (12 damage)
             ... on level 2 of the Dungeon.
             The game lasted 00:03:53 (1269 turns).

FloraKitsune the Grasshopper (Halfling Warper)      Turns: 1269, Time: 00:03:54

Health: -4/24      AC:  3    Str: 11 (12) XL:     3   Next: 12%
Magic:  5/5        EV: 14    Int:  9 (11) God:
Gold:   30         SH:  0    Dex: 13 (14) Spells: 0 memorised, 5 levels left

rFire  . . .     SeeInvis .     a - +0 falchion
rCold  . . .     Gourm    .     b - +0 leather armour
rNeg   + . .     Faith    .     (shield restricted)
rPois  .         Spirit   .     (no helmet)
rElec  .         Reflect  .     (no cloak)
rCorr  .         Harm     .     (no gloves)
MR     .....                    (no boots)
Stlth  +.........               (no amulet)
                                (no ring)
                                l - ring of positive energy

@: very slightly contaminated, hasted, very quick
A: mutation resistance 1
a: no special abilities


You were on level 2 of the Dungeon.
You were not hungry.

You visited 1 branch of the dungeon, and saw 2 of its levels.

You collected 30 gold pieces.

Inventory:

Hand Weapons
 a - a +0 falchion (weapon)
Missiles
 o - 47 stones (quivered)
Armour
 b - a +0 leather armour (worn)
Jewellery
 l - a ring of positive energy (left hand)
Scrolls
 d - a scroll of blinking
 h - a scroll of immolation {unknown}
 i - 2 scrolls of remove curse {unknown}
 k - a scroll of amnesia {unknown}
 m - 2 scrolls of fog {unknown}
 q - 2 scrolls of identify {unknown}
Potions
 r - a potion of degeneration
Books
 c - a book of Spatial Translocations

   Spells                             Type                      Level
   a - Blink                          Translocation                2
   b - Shroud of Golubria             Charms/Translocation         2
   c - Lesser Beckoning               Translocation                3
   d - Portal Projectile              Translocation                3
   e - Teleport Other                 Translocation                3
   f - Passage of Golubria            Translocation                4
Comestibles
 f - 2 bread rations
 n - a meat ration
 p - 5 chunks of flesh


   Skills:
 - Level 1.7 Fighting
 + Level 3.2 Long Blades
 - Level 1.0 Throwing
 - Level 1.1 Armour
 - Level 2.2 Dodging
 - Level 1.6 Spellcasting
   Level 3.2 Translocations


You had 5 spell levels left.
You didn't know any spells.

Dungeon Overview and Level Annotations

Branches:
Dungeon (2/15)

Altars:

Annotations:
D:2 Terence


Innate Abilities, Weirdness & Mutations

You are small and have problems with some larger weapons.
You are somewhat resistant to further mutation.


Message History

Press: ? - help, Shift-Dir - straight line, f/p - Terence
Aim: Terence, wielding a flail of protection and wearing a glowing chain mail (heavily wounded)
You throw a tomahawk of dispersal.
The tomahawk of dispersal hits Terence but does no damage.
Terence is heavily wounded.
Terence hits you with a flail of protection.
Throwing (i - inventory):
o - 48 stones (quivered)
Press: ? - help, Shift-Dir - straight line, f/p - Terence
Aim: Terence, wielding a flail of protection and wearing a glowing chain mail (heavily wounded)
You throw a stone. The stone barely misses Terence.
Terence misses you.
You hit Terence.
Terence is heavily wounded.
You hit Terence but do no damage.
Terence is heavily wounded.
Terence misses you.
You hit Terence but do no damage.
Terence is heavily wounded.
Terence hits you with a flail of protection!
Ouch! That really hurt!
You die...

##### #...#### #......#
###..#.#.########.#.
.........@@g........
###.#.#.##g......#. #
#.......##.........
#.##....#####.......#.
#>......'.†...........
###.##....#..........###
#.........#.....######
#.#.#.....#<....#
#.#.#.....#.....#


You could see Terence and 2 hobgoblins.

Vanquished Creatures
  A giant cockroach (D:2)
  3 goblins
  3 hobgoblins
  4 jackals (D:2)
  A kobold (D:2)
  6 bats
  A frilled lizard (D:1)
  3 rats
  A bush (D:1)
  A plant (D:1)
24 creatures vanquished.

Notes
Turn   | Place    | Note
-------+----------+-------------------------------------------
     0 | D:1      | FloraKitsune the Halfling Warper began the quest for the Orb.
     0 | D:1      | Reached XP level 1. HP: 14/14 MP: 3/3
   490 | D:1      | Reached XP level 2. HP: 19/19 MP: 4/4
  1182 | D:2      | Reached XP level 3. HP: 24/24 MP: 5/5
  1221 | D:2      | Noticed Terence
  1269 | D:2      | Slain by Terence

Skill      XL: |  1  2 |
---------------+-------+-----
Long Blades    | 3 |  3.2
Fighting       | |  1.7
Throwing       | |  1.0
Armour         | |  1.1
Dodging        | |  2.2
Spellcasting   | |  1.6
Translocations | |  3.2

Action                   || total
-------------------------++-------
Melee: Falchion          ||   359
Throw: Tomahawk          ||     5
       Stone             ||     1
  Use: Potion            ||     4
 Stab: Sleeping          ||     1
  Eat: Chunk             ||     2
Armor: Leather armour    ||    16
Dodge: Dodged            ||    74
       Rpst.: Falchion   ||    22
